 Dungeon Crawl Stone Soup version 0.18.1-50-g88ac8fd (webtiles) character file.

357 Gargoyl the Covered (level 6, -10/48 HPs)
             Began as a Demonspawn Abyssal Knight on Oct 28, 2016.
             Was a Priest of Lugonu.
             Mangled by an ogre
             ... wielding a +0 giant club
              (16 damage)
             ... on level 3 of the Dungeon.
             The game lasted 00:06:46 (2776 turns).

Gargoyl the Covered (Demonspawn Abyssal Knight)     Turns: 2776, Time: 00:06:47

Health: -10/48     AC: 15    Str: 14    XL:     6   Next: 36%
Magic:  9/9        EV:  4    Int: 14    God:    Lugonu [***...]
Gold:   149        SH:  0    Dex: 12    Spells: 0 memorised, 5 levels left

rFire  . . .     SeeInvis .     a - +1 hand axe
rCold  . . .     Gourm    .     f - +0 plate armour
rNeg   . . .     Faith    +     (no shield)
rPois  .         Spirit   .     e - +0 helmet
rElec  .         Dismiss  .     n - +1 cloak
rCorr  .         Reflect  .     (no gloves)
SustAt .         Harm     .     (no boots)
MR     .....                    q - amulet of faith
Stlth  ..........               (no ring)
                                i - +3 ring of slaying

@: confused, not resistant to hostile enchantments, extremely unstealthy
A: claws 2
a: Depart the Abyss, Bend Space, Banish, Renounce Religion


You were on level 3 of the Dungeon.
You worshipped Lugonu.
Lugonu was most pleased with you.
You were not hungry.

You visited 1 branch of the dungeon, and saw 4 of its levels.
You visited the Abyss 1 time.

You collected 149 gold pieces.

Inventory:

Hand Weapons
 a - a +1 hand axe (weapon)
Armour
 e - a +0 helmet (worn)
 f - a +0 plate armour (worn)
 n - a +1 cloak (worn)
Jewellery
 i - a +3 ring of slaying (left claw)
 q - an amulet of faith (around neck)
Scrolls
 d - a scroll of identify
 o - a scroll of blinking
Potions
 g - a potion of haste {unknown}
 j - a potion of lignification {unknown}
 k - a potion of might {unknown}
Comestibles
 b - 5 fruits
 c - 3 bread rations
 l - a beef jerky
 m - 2 meat rations
 p - 3 chunks of flesh


   Skills:
 + Level 4.0 Fighting
 + Level 3.1 Axes
 * Level 4.2 Armour
 + Level 1.2 Dodging
 * Level 4.2 Invocations


You had 5 spell levels left.
You didn't know any spells.

Dungeon Overview and Level Annotations

Branches:
Dungeon (4/15)             Temple (0/1) D:4

Altars:
Cheibriados
Pakellas

Annotations:
D:4 Natasha


Innate Abilities, Weirdness & Mutations

You have very sharp fingernails.


Message History

The ogre hits you with a giant club.
* * * LOW HITPOINT WARNING * * *
You hit the ogre.
The ogre is moderately wounded.
The ogre barely misses you.
Drink which item? (? for menu, Esc to quit)
You are confused.
You feel invigorated. The ogre barely misses you.
You closely miss the ogre.
The ogre is moderately wounded.
Your plate armour prevents you from hitting the ogre.
The ogre is moderately wounded.
The ogre hits you with a giant club!!
* * * LOW HITPOINT WARNING * * *
The ogre hits you with a giant club!!
* * * LOW HITPOINT WARNING * * *
Your plate armour prevents you from hitting the ogre.
The ogre is moderately wounded.
The ogre hits you with a giant club!
You die...

..†........<##.#.......##
.#.########.##..........#
.#.# #.####.......## .#.#
#........#..## .#.#
######......## .#.########
##.......##### .#........#
#............#
.#.######.#####.........##.#
...# #.......@.......##.#
#### #######..O......##.#
#............#
#....>.......#
#.#>.........#
##.###(....##.#
#..........##.#
#..####...>##.#
#..........##.#


You could see an ogre.

Vanquished Creatures
  A phantom (D:3)
  An ogre (D:4)
  An orc wizard (D:3)
  A worker ant (D:4)
  3 adders
  An ooze (D:1)
  A worm (D:3)
  2 dart slugs
  5 giant geckos
  4 orcs (D:3)
  8 giant cockroaches
  8 goblins
  9 hobgoblins
  5 jackals
  5 kobolds
  A quokka (D:2)
  13 bats
  4 giant newts
  10 rats
83 creatures vanquished.

Vanquished Creatures (others)
  4 starspawn tentacles (Abyss:2)
  5 starspawn tentacle segments (Abyss:2)
9 creatures vanquished.

Grand Total: 92 creatures vanquished

Notes
Turn   | Place    | Note
--------------------------------------------------------------
     0 | Abyss:1  | Gargoyl the Demonspawn Abyssal Knight began the quest for the Orb.
     0 | Abyss:1  | Reached XP level 1. HP: 18/18 MP: 2/2
   101 | Abyss:2  | Noticed a tentacled starspawn
   119 | D:1      | Escaped the Abyss
   360 | D:1      | Reached * piety under Lugonu
   370 | D:1      | Gained mutation: You have sharp fingernails. [demonic ancestry]
   370 | D:1      | Reached XP level 2. HP: 24/24 MP: 3/3
   574 | D:1      | Reached XP level 3. HP: 16/29 MP: 5/5
   971 | D:1      | Reached ** piety under Lugonu
  1334 | D:2      | Reached XP level 4. HP: 37/37 MP: 6/6
  1359 | D:2      | Found an oddly glowing altar of Pakellas.
  1707 | D:3      | Noticed a phantom
  1743 | D:3      | Found a snail-covered altar of Cheibriados.
  1754 | D:3      | Killed a phantom
  1754 | D:3      | Reached skill level 1 in Dodging
  1754 | D:3      | Reached XP level 5. HP: 22/42 MP: 7/7
  2157 | D:3      | Reached *** piety under Lugonu
  2542 | D:4      | Gained mutation: You have very sharp fingernails. [demonic ancestry]
  2542 | D:4      | Reached XP level 6. HP: 45/48 MP: 7/9
  2551 | D:4      | Found a staircase to the Ecumenical Temple.
  2732 | D:4      | Noticed Natasha
  2776 | D:3      | Mangled by an ogre

Skill      XL: |  1  2  3  4  5  6 |
---------------+-------------------+-----
Armour         | 2 3 4 |  4.2
Invocations    | 3 4 |  4.2
Axes           | 2 3 |  3.1
Dodging        | 1 |  1.2
Fighting       | 4 |  4.0

Action                   |  1- 3 |  4- 6 || total
-------------------------+-------+-------++-------
Melee: Hand axe          |   117 |   107 ||   224
Invok: Depart the Abyss  |     1 |       ||     1
  Use: Scroll            |     1 |     4 ||     5
       Potion            |       |     2 ||     2
  Eat: Chunk             |     2 |     4 ||     6
Armor: Plate armour      |   115 |    81 ||   196
Dodge: Dodged            |    26 |    26 ||    52
